 Dungeon Crawl Stone Soup version 0.28-a0-1152-g9c71ebef14 (webtiles) character file.

Game seed: 10081167285552156678

201 spaghetti the Covert (level 5, -11/36 HPs)
             Began as an Octopode Delver on Dec 14, 2021.
             Mangled by a boulder beetle (22 damage)
             ... on level 6 of the Dungeon.
             The game lasted 00:01:17 (629 turns).

spaghetti the Covert (Octopode Delver)               Turns: 629, Time: 00:01:18

Health: -11/36     AC:  1    Str: 11    XL:     5   Next: 79%
Magic:  5/5        EV: 13    Int: 14    God:
Gold:   21         SH:  0    Dex: 14    Spells: 4/4 levels left

rFire   . . .      SeeInvis .   a - +0 short sword {short}
rCold   . . .      Faith    .   (no shield)
rNeg    . . .      Spirit   .   (helmet restricted)
rPois   .          Reflect  .   (no amulet)
rElec   .          Harm     .   (no ring)
rCorr   .          Rampage  .   (no ring)
Will    .....                   (no ring)
Stlth   +++++.....              (no ring)
HPRegen 0.12/turn               (no ring)
MPRegen 0.09/turn               (no ring)
                                (no ring)
                                (no ring)

@: hasted, very quick
A: almost no armour, amphibious, 8 rings, camouflage 1, gelatinous body 1,
(nimble swimmer 1), tentacles
a: no special abilities


You were on level 6 of the Dungeon.
You visited 1 branch of the dungeon, and saw 3 of its levels.

You collected 21 gold pieces.


Innate Abilities, Weirdness & Mutations

You cannot wear most types of armour.
You are amphibious.
You can wear up to eight rings at the same time.
Your skin changes colour to match your surroundings (Stealth+).
Your rubbery body absorbs attacks. (AC +1, EV +1)
((You are camouflaged near water. (Stealth+)))
You have tentacles for arms and can constrict up to eight enemies at once.


   Skills:
 - Level 3.0 Fighting
 - Level 2.0 Short Blades
 - Level 2.0 Dodging
 + Level 10.3 Stealth


You had 4 spell levels left.
You didn't know any spells.
Your spell library was empty.

Inventory:

Hand Weapons
 a - a +0 short sword (weapon) {short}
Missiles
 h - 2 boomerangs (quivered) {throwing}
 i - 9 bolts
 j - 9 arrows
Wands
 f - a wand of digging (3)
Scrolls
 b - a scroll of fog
 c - a scroll of magic mapping {!r}
 d - a scroll of fear
Potions
 e - a potion of haste {@q3}
 g - a potion of cancellation {unknown}

Dungeon Overview and Level Annotations

Branches:
Dungeon (6/15)
 Temple: D:4-7

Altars:

Annotations:
D:4 1 runed translucent door, spaghetti's ghost, weakling OgDe

. #.## ### .#.#.
..# #### .....##
#.# ...# ....## ##
#.# ... ###..##B#
#.##.. #...(.@#
#.... #....##.#
#.#.#+# #....# #..
#.#.#.##.## #....#
W## #..........
###.## .
#<#.#.##.#
####.#########.#.#
#.........†......#
#.#...###....#####
# #........#.#


You could see a boulder beetle and a shadow.


Message History

The orc warrior hits you with a +0 scimitar!
Ouch! That really hurt!
* * * LOW HITPOINT WARNING * * *
😨 HP[-16]
You take 16 damage, and now have 10/26 hp.
MASSIVE DAMAGE!! (PAUSE) 😨 HP[+1]
Found a stone staircase leading up.
Spaghetti's ghost turns its malevolent gaze towards you.
There is a stone staircase leading down here.
The orc closely misses you.
You climb downwards.
There is a stone staircase leading up here. 😨 HP[+1] Unknown command.
Unknown command.
You barely miss the orc. You grab the orc. You constrict the orc.
The orc hits you with a +0 club.
* * * LOW HITPOINT WARNING * * *
😨 HP[-1]
You take 1 damage, and now have 11/26 hp.
You hit the orc but do no damage.
You constrict the orc, but do no damage.
The orc completely misses you.
You hit the orc but do no damage. You constrict the orc.
The orc completely misses you.
You hit the orc.
You constrict the orc, but do no damage.
The orc misses you.
You hit the orc but do no damage. You squeeze the orc.
You kill the orc!
Your Stealth skill increases to level 8!
You start resting. 😎 HP[+15]
Your hp is fully restored (26).
You can't go down here!
There is a stone staircase leading down here.
You climb downwards.
There is a stone staircase leading up here.
Unknown command.
Unknown command.
Unknown command.
You now have 21 gold pieces (gained 11).
A wyvern comes into view.
Found an escape hatch in the floor.
A bullfrog zombie comes into view.
The helpless wyvern fails to defend itself.
You impale the wyvern!!
You kill the wyvern!
Your Stealth skill gained 2 levels and is now at level 10!
You have reached level 4!
You have reached level 5!
You feel agile. 😎 HP[+10] MP[+2]
You now have 36 max hp (+10).
Your hp is fully restored (36).
Your mp is fully restored (5).
Unknown command.
The bullfrog zombie closely misses you.
You hit the bullfrog zombie. You grab the bullfrog zombie.
You squeeze the bullfrog zombie. You constrict the bullfrog zombie.
The bullfrog zombie barely misses you. The bullfrog zombie closely misses you.
You hit the bullfrog zombie. You squeeze the bullfrog zombie!
You constrict the bullfrog zombie. The bullfrog zombie closely misses you.
You hit the bullfrog zombie. You constrict the bullfrog zombie.
The bullfrog zombie barely misses you.
You hit the bullfrog zombie. You constrict the bullfrog zombie.
The bullfrog zombie completely misses you.
You hit the bullfrog zombie.
Your squeeze misses the bullfrog zombie.
You constrict the bullfrog zombie.
The bullfrog zombie hits you. x2 😕 HP[-6]
You take 6 damage, and now have 30/36 hp.
You hit the bullfrog zombie.
You destroy the bullfrog zombie!
No target in view!
No target in view!
No target in view!
No target in view!
No target in view!
No target in view!
No target in view!
e - 2 potions of haste {@q3} (gained 1)
j - 9 arrows Key pressed, stopping explore.
A boulder beetle comes into view. 😎 HP[+6]
Your hp is fully restored (36).
The helpless boulder beetle fails to defend itself.
You impale the boulder beetle!! The boulder beetle bites you!!
Ouch! That really hurt!
* * * LOW HITPOINT WARNING * * *
You hear a bellow! 😨 HP[-25]
You take 25 damage, and now have 11/36 hp.
MASSIVE DAMAGE!! (PAUSE)
You feel yourself speed up.
A shadow comes into view.
The boulder beetle bites you!!
Ouch! That really hurt!
You die...

Skill      XL: |  1  2  3 |
---------------+----------+-----
Stealth        | 7 10 | 10.3
Fighting       | |  3.0
Short Blades   | |  2.0
Dodging        | |  2.0

Action                   |  1- 3 |  4- 6 || total
-------------------------+-------+-------++-------
Melee: Short sword       |    27 |     7 ||    34
       Constrict         |     8 |     1 ||     9
       Tentacles         |     5 |     2 ||     7
  Use: Scroll            |     1 |       ||     1
       Potion            |       |     1 ||     1
 Stab: Sleeping          |     5 |     1 ||     6
Armor: Skin              |     1 |       ||     1
Dodge: Dodged            |    12 |     6 ||    18

Levels and vault maps discovered:
D:4:      layout_rooms, nicolae_elyvilon_temple_path, general_overflow_altar,
          mainiacjoe_overflow_chevrons, hellmonk_ghost_happy_afterlife
D:5:      layout_basic, serial_shops, kennysheep_mini, grunt_ministairs_6,
          minmay_manual_moon
D:6:      minmay_cornered_nines, layout_basic, minmay_three_doors

Notes
Turn   | Place    | Note
-------+----------+-------------------------------------------
     0 | D:5      | spaghetti the Octopode Delver began the quest for the Orb.
     0 | D:5      | Reached XP level 1. HP: 16/16 MP: 1/1
     0 | D:5      | magus.rc [v1.9.6]
     1 | D:5      | Noticed an orc wizard
    10 | D:4      | Noticed spaghetti's ghost (weakling OgDe)
    11 | D:4      | Found a runed translucent door.
   177 | D:4      | Reached skill level 7 in Stealth
   186 | D:4      | Reached XP level 2. HP: 21/21 MP: 2/2
   312 | D:4      | Reached XP level 3. HP: 26/26 MP: 3/3
   319 | D:4      | Noticed an orc warrior
   353 | D:5      | Reached skill level 8 in Stealth
   546 | D:6      | Noticed a wyvern
   552 | D:6      | Killed a wyvern
   553 | D:6      | Reached skill level 10 in Stealth
   553 | D:6      | Reached XP level 4. HP: 31/31 MP: 4/4
   553 | D:6      | Reached XP level 5. HP: 36/36 MP: 5/5
   625 | D:6      | Noticed a boulder beetle
   629 | D:6      | Noticed a shadow
   629 | D:6      | Mangled by a boulder beetle

Vanquished Creatures
  A wyvern (D:6)
  A bullfrog zombie (D:6)
  A hound skeleton (D:4)
  An adder skeleton (D:4)
  A dart slug (D:4)
  4 orcs
  2 endoplasms (D:4)
  A hobgoblin (D:4)
  2 ball pythons (D:4)
14 creatures vanquished.

Vanquished Creatures (others)
  2 plants (D:4)
2 creatures vanquished.

Grand Total: 16 creatures vanquished

Table legend:
 A = Non-vault XP
 B = Vault XP
 C = Vault XP percentage of total XP
 D = Non-vault monster count
 E = Vault monster count
 F = Vault count percentage of total count
                 A         B        C        D         E       F
            +---------+---------+-------+---------+---------+-------
      Total |     288 |       0 |   0.0 |      14 |       0 |   0.0
            +---------+---------+-------+---------+---------+-------
        D:4 |      44 |       0 |   0.0 |      11 |       0 |   0.0
        D:5 |       3 |       0 |   0.0 |       1 |       0 |   0.0
        D:6 |     241 |       0 |   0.0 |       2 |       0 |   0.0
            +---------+---------+-------+---------+---------+-------

Illustrated notes

Table legend:
 A = Kills in this place as a percentage of kills in entire the game.
 B = Kills by you in this place as a percentage of kills by you in the entire game.
 C = Kills by friends in this place as a percentage of kills by friends in the entire game.
 D = Other kills in this place as a percentage of other kills in the entire game.
 E = Experience gained in this place as a percentage of experience gained in the entire game.
 F = Experience gained in this place divided by the number of levels of this place that you have seen.
                   A       B       C       D       E      F
               +-------+-------+-------+-------+-------+----------------------
         Total | 100.0 | 100.0 |   N/A |   N/A | 100.0 |  96.0
       Dungeon | 100.0 | 100.0 |   N/A |   N/A | 100.0 |  96.0
               +-------+-------+-------+-------+-------+----------------------

Table legend: (Time is in decaauts)
 A = Elapsed time spent in this place.
 B = Non-inter-level travel time spent in this place.
 C = Inter-level travel time spent in this place.
 D = Time resting spent in this place.
 E = Time spent auto-exploring this place.
 F = Levels seen in this place.
 G = Mean time per level.
                   A        B        C        D        E       F      G
               +--------+--------+--------+--------+--------+-----+--------+
         Total |    628 |    627 |      1 |    241 |    213 |   3 |  209.3 |
       Dungeon |    628 |    627 |      1 |    241 |    213 |   3 |  209.3 |
               +--------+--------+--------+--------+--------+-----+--------+

Top non-repeatable levels by time:
     D:4: 336 daAuts
     D:5: 203 daAuts
     D:6: 88 daAuts
